 Dungeon Crawl Stone Soup version 0.22-a0-596-gfbd32a6 (webtiles) character file.

66321 Amnesiac the Devastator (level 14, -33/80 HPs)
             Began as a Deep Elf Wizard on July 5, 2018.
             Was a High Priest of Sif Muna.
             Killed from afar by a storm dragon (35 damage)
             ... with a bolt of lightning
             ... on level 15 of the Dungeon.
             The game lasted 00:52:16 (23108 turns).

Amnesiac the Devastator (Deep Elf Wizard)          Turns: 23108, Time: 00:52:17

Health: -33/80     AC:  5    Str:  7    XL:     14   Next: 78%
Magic:  29/59      EV: 18    Int: 29    God:    Sif Muna [*****.]
Gold:   1259       SH:  5    Dex: 18    Spells: 6/43 levels left

rFire    + + .     SeeInvis .   a - staff of power
rCold    + . .     Gourm    +   r - +0 buckler {rN+}
rNeg     + . .     Faith    .   o - +1 leather armour {rC+}
rPois    .         Spirit   .   (helmet restricted)
rElec    .         Reflect  .   (no cloak)
rCorr    .         Harm     .   K - +0 pair of gloves {Dex+3}
MR       +....                  (no boots)
Stlth    ++++......             t - amulet of the gourmand
HPRegen  0.23/turn              s - ring "Elimp" {+Fly rF++ Str+3 Slay+3}
MPRegen  0.36/turn              g - ring of magical power

@: divine energy
A: horns 1, agile 1
a: Stop Divine Energy, Channel Magic, Forget Spell, Renounce Religion, Evoke
Flight


You were on level 15 of the Dungeon.
You worshipped Sif Muna.
Sif Muna was extremely pleased with you.
You were completely stuffed.

You visited 2 branches of the dungeon, and saw 16 of its levels.

You collected 1259 gold pieces.

Inventory:

Hand Weapons
 b - the +10 dagger "Nuim" {drain, rN+}
   (You found it on level 4 of the Dungeon)

   A truly terrible weapon, it drains the life of those it strikes.
   It protects you from negative energy.
 J - a +3 dagger of electrocution
Missiles
 z - 4 curare-tipped needles
Armour
 o - a +1 leather armour of cold resistance (worn)
 r - a +0 buckler of positive energy (worn)
 K - a +0 pair of gloves of dexterity (worn)
 L - a +0 troll leather armour
Magical Staves
 a - an uncursed staff of power (weapon)
 f - an uncursed staff of energy
Jewellery
 g - a ring of magical power (right hand)
 s - the ring "Elimp" (left hand) {+Fly rF++ Str+3 Slay+3}
   (You found it on level 4 of the Dungeon)

   [ring of strength]

   It affects your strength (+3).
   It affects your accuracy and damage with ranged weapons and melee attacks
   (+3).
   It greatly protects you from fire.
   It lets you fly.
 t - an amulet of the gourmand (around neck)
 A - an uncursed ring of protection from fire
 E - an uncursed ring of poison resistance
Wands
 u - a wand of acid (8)
 w - a wand of polymorph (22)
 D - a wand of paralysis (28)
 F - a wand of random effects (25)
Scrolls
 c - 7 scrolls of remove curse {!r}
 e - 4 scrolls of amnesia {!r}
 h - 2 scrolls of fear {!r}
 j - 7 scrolls of teleportation {!r}
 x - a scroll of magic mapping {!r}
 H - 6 scrolls of identify {!r}
 I - 2 scrolls of vulnerability {!r}
Potions
 i - a potion of flight {!q}
 k - a potion of haste {!q}
 l - 6 potions of curing {!q}
 m - 5 potions of brilliance {!q}
 n - 2 potions of mutation {!q}
 q - a potion of berserk rage {!q}
 v - 2 potions of might {!q}
 C - 2 potions of ambrosia {!q}
 G - a potion of lignification {!q}
Miscellaneous
 p - a lightning rod (4/4)
Comestibles
 d - 34 rations
 B - 2 chunks of flesh


   Skills:
 - Level 6.0 Fighting
 - Level 9.0 Dodging
 - Level 8.0 Stealth
 - Level 4.0 Shields
 - Level 15.0 Spellcasting
 - Level 15.5 Conjurations
 - Level 1.1 Summonings
 - Level 10.0 Necromancy
 - Level 1.1 Translocations
 + Level 10.3 Earth Magic
 - Level 8.0 Invocations


You had 6 spell levels left.
You knew the following spells:

 Your Spells              Type           Power        Failure   Level  Hunger
a - Bolt of Draining      Conj/Necr      #######...   1%          5    None
b - Call Imp              Summ           ####....     3%          2    None
c - Mephitic Cloud        Conj/Pois/Air  ######..     1%          3    None
d - Dispel Undead         Necr           ######..     1%          5    None
e - Borgnjor's Vile Clut  Necr/Erth      ######....   1%          5    None
f - Throw Icicle          Conj/Ice       ######..     1%          4    None
s - Conjure Flame         Conj/Fire      ######..     1%          3    None
v - Blink                 Tloc           N/A          3%          2    None
w - Irradiate             Conj/Tmut      ######....   3%          5    None
z - Ozocubu's Armour      Chrm/Ice       ###.....     10%         3    None

Your spell library contained the following spells:

 Spells                   Type           Power        Failure   Level  Hunger
 Cause Fear               Hex            ###.......   32%         4    None
 Magic Dart               Conj           ####         0%          1    None
 Bolt of Cold             Conj/Ice       ######....   22%         6    ###....
 Lightning Bolt           Conj/Air       ######....   3%          5    None
 Bolt of Magma            Conj/Fire/Erth ######....   2%          5    None
 Slow                     Hex            ###.....     4%          2    None
 Confuse                  Hex            ###.....     10%         3    None
 Throw Frost              Conj/Ice       ######       1%          2    None
 Freezing Cloud           Conj/Ice/Air   ######....   52%         6    ###....
 Lehudib's Crystal Spear  Conj/Erth      #######...   73%         8    ######.
 Fire Storm               Conj/Fire      ######....   100%        9    #######
 Iskenderun's Mystic Bla  Conj           #######.     1%          4    None
 Animate Dead             Necr           N/A          1%          4    None
 Pain                     Necr           ####         1%          1    None
 Freeze                   Ice            ###.         3%          1    None
 Ozocubu's Refrigeration  Ice            ###.......   99%         6    ###....
 Sticky Flame             Conj/Fire      ######..     1%          4    None
 Summon Ice Beast         Ice/Summ       ###.....     26%         4    None
 Poison Arrow             Conj/Pois      ######....   22%         6    ###....
 Tukima's Dance           Hex            ###.....     10%         3    None
 Corpse Rot               Necr           N/A          1%          2    None
 Shock                    Conj/Air       ####         1%          1    None
 Swiftness                Chrm/Air       ###.....     4%          2    None
 Recall                   Summ/Tloc      N/A          6%          3    None
 Ice Form                 Ice/Tmut       ###.....     32%         4    None
 Death Channel            Necr           ######....   9%          6    ###....
 Airstrike                Air            ###.......   32%         4    None
 Ensorcelled Hibernation  Hex/Ice        ###...       4%          2    None
 Metabolic Englaciation   Hex/Ice        ###.......   67%         5    None
 Static Discharge         Conj/Air       ######..     1%          3    None
 Corona                   Hex            ###....      3%          1    None
 Simulacrum               Ice/Necr       ######....   54%         6    ###....
 Conjure Ball Lightning   Conj/Air       ######....   22%         6    ###....
 Excruciating Wounds      Chrm/Necr      ######....   12%         5    None
 Portal Projectile        Hex/Tloc       ###...       9%          3    None
 Leda's Liquefaction      Hex/Erth       ######....   4%          4    None
 Inner Flame              Hex/Fire       ###.....     10%         3    None
 Fulminant Prism          Conj/Hex       ######....   1%          4    None
 Dazzling Spray           Conj/Hex       ######       1%          3    None
 Searing Ray              Conj           ######       0%          2    None


Dungeon Overview and Level Annotations

Branches:
Dungeon (15/15)            Temple (1/1) D:4            Lair (0/6) D:10
    Orc (0/2) D:11         Vaults (0/5) D:14         Depths (0/5) D:15

Altars:
Ashenzari
Cheibriados
Dithmenos
Elyvilon
Fedhas
Gozag
Hepliaklqana
Kikubaaqudgha
Makhleb
Nemelex Xobeh
Okawaru
Qazlal
Ru
Sif Muna
Trog
Uskayaw
Vehumet
Wu Jian
Xom
Yredelemnul
Zin
The Shining One

Shops:
D:9 *

Portals:
Trove: D:12 (show abyssal rune of Zot)


Innate Abilities, Weirdness & Mutations

You have a pair of small horns on your head.
You are agile. (Dex +2)


Message History

A storm dragon comes into view.
There is an open door here.
Okay, then.
You start resting.
Magic restored.
You start resting.
The storm dragon is too close now for your liking.
Casting: Bolt of Draining (safe; 1% risk of failure)
Confirm with . or Enter, or press ? or * to list all spells.
Aiming: Bolt of Draining (safe; 1% risk of failure)
Press: ? - help, Shift-Dir - straight line, f - storm dragon
Aim: a storm dragon (black smoke, lava, hasn't noticed you)
The bolt of negative energy hits the storm dragon.
The storm dragon is drained!
The storm dragon is moderately wounded.
The storm dragon roars deafeningly!
The storm dragon breathes lightning at you.
The bolt of lightning hits you!
You hear a shout!
Unknown command.
Casting: Bolt of Draining (safe; 1% risk of failure)
Confirm with . or Enter, or press ? or * to list all spells.
Aiming: Bolt of Draining (safe; 1% risk of failure)
Press: ? - help, Shift-Dir - straight line, f/p - storm dragon
Aim: a storm dragon (black smoke, lava, moderately wounded, catching its breath, lightly drained)
The bolt of negative energy hits the storm dragon.
The storm dragon is drained!
The storm dragon is severely wounded.
Unknown command.
Casting: Bolt of Draining (safe; 1% risk of failure)
Confirm with . or Enter, or press ? or * to list all spells.
Aiming: Bolt of Draining (safe; 1% risk of failure)
Press: ? - help, Shift-Dir - straight line, f/p - storm dragon
Aim: a storm dragon (severely wounded, catching its breath, lightly drained)
The bolt of negative energy misses the storm dragon.
The storm dragon bites you!
* * * LOW HITPOINT WARNING * * *
The storm dragon claws you.
* * * LOW HITPOINT WARNING * * *
The storm dragon completely misses you. x2
The storm dragon claws you but does no damage.
You block the storm dragon's attack.
Unknown command.
Casting: Bolt of Draining (safe; 1% risk of failure)
Confirm with . or Enter, or press ? or * to list all spells.
Aiming: Bolt of Draining (safe; 1% risk of failure)
Press: ? - help, Shift-Dir - straight line, f/p - storm dragon
Aim: a storm dragon (severely wounded, catching its breath, lightly drained)
The bolt of negative energy hits the storm dragon.
The storm dragon is drained!
The storm dragon is almost dead.
The storm dragon breathes lightning at you.
The bolt of lightning hits you!
* * * LOW HITPOINT WARNING * * *
Unknown command.
Casting: Bolt of Draining (safe; 1% risk of failure)
Confirm with . or Enter, or press ? or * to list all spells.
Aiming: Bolt of Draining (safe; 1% risk of failure)
Press: ? - help, Shift-Dir - straight line, f/p - storm dragon
Aim: a storm dragon (almost dead, catching its breath, lightly drained)
The bolt of negative energy misses the storm dragon.
The storm dragon breathes lightning at you.
The bolt of lightning hits you!
You die...

##..<.<.##≈(..#.'#..8P.)#...#..#:
#....<..##≈..#..#..)P..#(#.#.#.#.
#.......##≈(....'#......#).....#.
##########≈.....###.#(####(#.#.#.
#≈##.....#'#'######)#'##.
≈≈###'..<.......≈##)#.#.##
..?.##.#'......##§§##......#
......'#.#'....#...§##..##.#)
.#.##..'#.#'@..#§§.§#.......#
#...'#.##D.§§§§≈##.##..#+
#)....'###≈≈≈§§≈≈##......#
.......# §###########.####
...:.##.D≈#################
.#...# #..≈ #...............
#..<...#...#...# #.>..#...#...#..
#..<...#...#...#


You could see a storm dragon.

Vanquished Creatures
  Kirke (D:15)
  A tengu reaver (D:15)
  A deep elf annihilator (D:15)
  A yaktaur captain (D:15)
  A fire dragon (D:15)
  3 hydras
  5 centaur warriors
  2 death knights (D:15)
  A tengu warrior (D:14)
  7 two-headed ogres
  2 dancing weapons (D:14)
  2 ogre magi (D:15)
  A deep troll earth mage (D:15)
  A shock serpent (shapeshifter) (D:13)
  A deep elf knight (D:15)
  5 skeletal warriors (D:11)
  2 unseen horrors (D:15)
  2 wizards (D:15)
  2 flayed ghosts (D:15)
  An orc knight (D:14)
  A deep elf archer (D:15)
  4 lindwurms (D:14)
  A wolf spider zombie (D:15)
  4 deep elf magi
  15 ugly things
  6 cyclopes
  An elephant (D:10)
  3 manticores
  4 centaur zombies
  4 gargoyles
  2 kobold demonologists
  2 yaktaurs (D:15)
  A tengu conjurer (D:15)
  A komodo dragon (D:15)
  6 trolls
  A wind drake (shapeshifter) (D:15)
  A wolf spider simulacrum (D:15)
  2 hornets
  A meliai zombie (D:15)
  8 hippogriffs
  5 slime creatures
  3 shadows
  6 yaks (D:13)
  2 centaur simulacra
  A redback (D:15)
  A wraith (D:10)
  3 wyverns
  Grum (D:11)
  5 hogs (D:15)
  2 hungry ghosts
  A basilisk (D:14)
  7 vampire mosquitoes
  2 soldier ants
  Edmund (D:6)
  A warg (shapeshifter) (D:11)
  A water moccasin (D:6)
  A hornet zombie (D:10)
  3 sky beasts
  13 orc warriors
  3 phantoms
  An ice beast (D:10)
  3 eyes of draining
  8 ogres
  4 wolves (D:11)
  8 centaurs
  6 crocodiles
  A big kobold (D:11)
  9 bullfrogs
  7 gnoll sergeants
  A wyvern skeleton (D:10)
  A water moccasin zombie (D:8)
  5 scorpions
  4 killer bees (D:13)
  20 wights
  8 crimson imps
  2 bullfrog zombies
  11 hounds
  3 jellies
  A quasit (D:14)
  13 orc priests
  A bullfrog skeleton (D:12)
  16 orc wizards
  5 centaur skeletons
  An iguana (D:4)
  Natasha (thrice) (D:2)
  9 worker ants
  A hound zombie (D:8)
  A howler monkey zombie (D:9)
  2 worker ant zombies (D:11)
  11 gnolls
  13 adders
  2 shadow imps
  3 oozes
  An adder zombie (D:8)
  An adder skeleton (D:6)
  A worm (D:4)
  3 dart slugs
  4 leopard geckos
  64 orcs
  4 bats
  11 giant cockroaches
  4 goblins
  5 hobgoblins
  18 jackals
  6 kobolds
  4 quokkas
  5 frilled lizards
  2 leopard gecko skeletons
  A quokka zombie (D:7)
  12 rats
502 creatures vanquished.

Vanquished Creatures (collateral kills)
  An ogre (D:4)
  A centaur (D:4)
  An adder (D:2)
  2 worms (D:3)
  A leopard gecko (D:3)
  2 orcs (D:8)
8 creatures vanquished.

Vanquished Creatures (others)
  A fungus (D:15)
1 creature vanquished.

Grand Total: 511 creatures vanquished

Notes
Turn   | Place    | Note
-------+----------+-------------------------------------------
     0 | D:1      | Amnesiac the Deep Elf Wizard began the quest for the Orb.
     0 | D:1      | Reached XP level 1. HP: 10/10 MP: 7/7
   116 | D:1      | Reached XP level 2. HP: 5/15 MP: 3/9
   330 | D:1      | Learned a level 2 spell: Blink
   333 | D:1      | Learned a level 2 spell: Call Imp
   438 | D:3      | Reached skill level 1 in Fighting
   585 | D:3      | Reached XP level 3. HP: 19/20 MP: 4/11
   596 | D:3      | Learned a level 3 spell: Conjure Flame
   600 | D:3      | Learned a level 3 spell: Mephitic Cloud
  1189 | D:4      | Noticed an ogre
  1247 | D:4      | Killed an ogre
  1247 | D:4      | Reached XP level 4. HP: 27/27 MP: 3/12
  1264 | D:4      | Reached XP level 5. HP: 31/31 MP: 0/13
  1353 | D:4      | Noticed a phantom
  1395 | D:4      | Killed a phantom
  1546 | D:4      | Reached XP level 6. HP: 32/37 MP: 8/14
  1866 | D:4      | Found a staircase to the Ecumenical Temple.
  1872 | Temple   | Entered the Ecumenical Temple
  3081 | D:2      | Found a sparkling altar of Nemelex Xobeh.
  3671 | D:2      | Noticed Natasha
  3677 | D:2      | Killed Natasha
  4001 | D:2      | Noticed Natasha
  4011 | D:2      | Killed Natasha
  4143 | D:2      | Noticed Natasha
  4149 | D:2      | Killed Natasha
  4485 | D:3      | Found a deep blue altar of Sif Muna.
  4565 | D:3      | Became a worshipper of Sif Muna the Loreminder
  4645 | D:4      | Reached XP level 7. HP: 38/43 MP: 5/15
  4724 | D:4      | Got a transparent silver ring
  4725 | D:4      | Identified the ring "Elimp" {+Fly rF++ Str+3 Slay+3} (You found it on level 4 of the Dungeon)
  4809 | D:4      | Got a pitted dagger
  5068 | D:5      | Entered Level 5 of the Dungeon
  5192 | D:5      | Identified the +10 dagger "Nuim" {drain, rN+} (You found it on level 4 of the Dungeon)
  5241 | D:5      | Reached skill level 5 in Dodging
  5394 | D:5      | Found a glowing golden altar of the Shining One.
  5399 | D:5      | Found a bloodstained altar of Trog.
  5445 | D:5      | Reached skill level 5 in Fighting
  5733 | D:5      | Found a bloodstained altar of Trog.
  5895 | D:6      | Noticed Edmund
  5927 | D:6      | Killed Edmund
  5927 | D:6      | Reached XP level 8. HP: 37/49 MP: 12/16
  6804 | D:6      | Reached skill level 5 in Conjurations
  7059 | D:7      | Reached * piety under Sif Muna
  7059 | D:7      | Reached ** piety under Sif Muna
  7059 | D:7      | Reached *** piety under Sif Muna
  7059 | D:7      | Reached skill level 10 in Spellcasting
  7059 | D:7      | Reached XP level 9. HP: 54/54 MP: 17/25
  7187 | D:7      | Found a stormy altar of Qazlal.
  7422 | D:7      | Reached **** piety under Sif Muna
  8098 | D:8      | Found a burning altar of Makhleb.
  8164 | D:8      | Noticed a two-headed ogre
  8183 | D:8      | Killed a two-headed ogre
  8183 | D:8      | Reached XP level 10. HP: 39/59 MP: 6/26
  8224 | D:8      | Noticed a deep elf mage
  8295 | D:8      | Killed a deep elf mage
  8333 | D:8      | Reached ***** piety under Sif Muna
  8815 | D:8      | Found a hazy altar of Hepliaklqana.
  9003 | D:9      | Found Tuah's General Store.
  9036 | D:9      | Noticed a two-headed ogre
  9053 | D:9      | Killed a two-headed ogre
  9308 | D:9      | Found a bloodstained altar of Trog.
  9348 | D:9      | Identified Sif Muna's Disquisition on Torrid Attacks (Sif Muna gifted it to you on level 9 of the Dungeon)
  9348 | D:9      | Received a gift from Sif Muna
  9359 | D:9      | Learned a level 4 spell: Throw Icicle
  9562 | D:9      | Noticed a two-headed ogre
  9565 | D:9      | Killed a two-headed ogre
  9920 | D:10     | Entered Level 10 of the Dungeon
  9927 | D:10     | Gained mutation: Your body sometimes deteriorates upon taking damage. [potion of mutation]
  9927 | D:10     | Gained mutation: You are agile. (Dex +2) [potion of mutation]
  9928 | D:10     | Lost mutation: Your body sometimes deteriorates upon taking damage. [potion of mutation]
  9928 | D:10     | Gained mutation: You are very agile. (Dex +4) [potion of mutation]
  9928 | D:10     | Lost mutation: You are very agile. (Dex +4) [potion of mutation]
  9928 | D:10     | Gained mutation: You have a pair of small horns on your head. [potion of mutation]
  9962 | D:10     | Reached skill level 1 in Invocations
 10206 | D:10     | Reached XP level 11. HP: 63/63 MP: 0/29
 10576 | D:10     | Found a staircase to the Lair.
 10586 | D:10     | Reached skill level 5 in Invocations
 11686 | D:11     | Noticed a skeletal warrior
 11686 | D:11     | Noticed a skeletal warrior
 11707 | D:11     | Found a staircase to the Orcish Mines.
 11709 | D:11     | Noticed a five-headed hydra
 11709 | D:11     | Noticed Grum
 11961 | D:11     | Killed Grum
 12246 | D:11     | Noticed a skeletal warrior
 12256 | D:11     | Noticed a skeletal warrior
 12257 | D:11     | Killed a skeletal warrior
 12280 | D:11     | Killed a skeletal warrior
 12287 | D:11     | Killed a skeletal warrior
 12506 | D:11     | Killed a skeletal warrior
 13036 | D:11     | Killed a five-headed hydra
 13036 | D:11     | Reached XP level 12. HP: 68/68 MP: 0/31
 13486 | D:11     | Noticed a two-headed ogre
 13496 | D:11     | Killed a two-headed ogre
 13496 | D:11     | Identified Sif Muna's Tome of Conjuration (Sif Muna gifted it to you on level 11 of the Dungeon)
 13496 | D:11     | Received a gift from Sif Muna
 13505 | D:11     | Learned a level 5 spell: Irradiate
 13931 | D:11     | Reached skill level 1 in Shields
 15659 | D:12     | Found a portal to a secret trove of treasure.
 15747 | D:13     | Noticed a centaur warrior
 15755 | D:13     | Killed a centaur warrior
 15930 | D:13     | Noticed a centaur warrior
 15939 | D:13     | Killed a centaur warrior
 16321 | D:13     | Noticed a two-headed ogre
 16368 | D:13     | Killed a two-headed ogre
 16596 | D:13     | Reached skill level 15 in Conjurations
 17069 | D:14     | Noticed a centaur warrior
 17080 | D:14     | Killed a centaur warrior
 17256 | D:14     | Reached XP level 13. HP: 19/72 MP: 29/33
 17696 | D:14     | Found a gate to the Vaults.
 18114 | D:14     | Identified Noung's Collected Works on Unholy Arts (Sif Muna gifted it to you on level 14 of the Dungeon)
 18114 | D:14     | Received a gift from Sif Muna
 18149 | D:13     | Learned a level 5 spell: Bolt of Draining
 18202 | D:14     | Reached skill level 15 in Spellcasting
 18202 | D:14     | Reached skill level 1 in Necromancy
 18736 | D:14     | Reached skill level 5 in Necromancy
 19688 | D:15     | Entered Level 15 of the Dungeon
 19790 | D:15     | Noticed Kirke
 19968 | D:15     | Killed Kirke
 19968 | D:15     | Reached skill level 10 in Necromancy
 20293 | D:15     | Reached skill level 5 in Stealth
 20383 | D:15     | Found a snail-covered altar of Cheibriados.
 20383 | D:15     | Found a hazy altar of Hepliaklqana.
 20384 | D:15     | Found a white marble altar of Elyvilon.
 20479 | D:15     | Learned a level 5 spell: Borgnjor's Vile Clutch
 20484 | D:15     | Reached XP level 14. HP: 72/80 MP: 33/35
 20827 | D:15     | Noticed a tengu reaver
 20838 | D:15     | Killed a tengu reaver
 20867 | D:15     | Reached skill level 1 in Earth Magic
 21384 | D:15     | Identified Sif Muna's Disquisition on Sinister Conjuration (Sif Muna gifted it to you on level 15 of the Dungeon)
 21384 | D:15     | Received a gift from Sif Muna
 21392 | D:15     | Learned a level 5 spell: Dispel Undead
 21643 | D:15     | Found a staircase to the Depths.
 21695 | D:15     | Reached skill level 5 in Earth Magic
 22142 | D:15     | Learned a level 3 spell: Ozocubu's Armour
 22972 | D:15     | Reached skill level 10 in Earth Magic
 23085 | D:15     | Noticed a storm dragon
 23107 | D:15     | HP: 1/80 [storm dragon/bolt of lightning (27)]
 23108 | D:15     | Killed from afar by a storm dragon

Vault maps used:
D:1:      lemuel_arrival_lava_pool, minivault_24, minmay_misc_feat_columns,
          minmay_octomino_e4
D:2:      nemelex_xobeh_ov_fountains_minmay, first_ration, uniq_natasha
D:3:      serial_forest, infiniplex_forest_clump_small,
          infiniplex_forest_clump_small, infiniplex_forest_clump_tiny,
          infiniplex_forest_lined_2, infiniplex_forest_straight_3, led_sif_pool
D:4:      minmay_temple_entry_hall, dk_noncrumbling_4
D:5:      kennysheep_mini_moat, lemuel_doored_altar, basic_altar, nrook_uturn
D:6:      uniq_edmund
D:7:      lemuel_crystal_altar
D:8:      makhleb_heckhound_becter, overflow_temple_1_default
D:9:      serial_shops, shop, basic_altar, grunt_ogre_cave
D:10:     david_lair_generic, kennysheep_generic_room_9
D:11:     kennysheep_orc_monster_closet_entryway, uniq_grum
D:12:     nicolae_trove_entry_columns
D:14:     erik_vaults_1, dk_noncrumbling_2, minmay_lindwurm_lava
D:15:     hangedman_slaughterboxes, serial_shops, uniq_kirke
Temple:   regret_index_temple_waves

Skill      XL: |  1  2  3  4  5  6  7  8  9 10 11 12 13 14 |
---------------+-------------------------------------------+-----
Conjurations   | 2 3 4 11 12 13 14 15 | 15.5
Fighting       | 1 2 3 4 5 6 |  6.0
Dodging        | 3 4 6 8 9 |  9.0
Spellcasting   | 10 12 13 14 15 | 15.0
Invocations    | 2 8 |  8.0
Shields        | 4 |  4.0
Stealth        | 3 6 8 |  8.0
Necromancy     | 10 | 10.0
Earth Magic    | 10 | 10.3
Summonings     | |  1.1
Translocations | |  1.1

Action                   |  1- 3 |  4- 6 |  7- 9 | 10-12 | 13-15 || total
-------------------------+-------+-------+-------+-------+-------++-------
Melee: Unarmed           |       |     3 |       |       |       ||     3
       Dagger            |       |       |   140 |   150 |    19 ||   309
       Headbutt          |       |       |       |    12 |     6 ||    18
       Staff             |       |       |       |       |     2 ||     2
 Cast: Magic Dart        |    73 |   149 |   138 |    32 |       ||   392
       Call Imp          |     6 |     1 |     3 |     1 |       ||    11
       Blink             |       |    16 |       |     4 |     7 ||    27
       Mephitic Cloud    |       |     2 |    20 |     4 |       ||    26
       Conjure Flame     |       |       |     6 |    20 |     3 ||    29
       Throw Icicle      |       |       |       |   376 |   142 ||   518
       Bolt of Draining  |       |       |       |       |   163 ||   163
       Irradiate         |       |       |       |       |     1 ||     1
       Dispel Undead     |       |       |       |       |    20 ||    20
Invok: Divine Energy     |       |       |     2 |       |       ||     2
       Stop Divine Energ |       |       |     1 |       |       ||     1
 Abil: Evoke Flight      |       |       |       |       |     2 ||     2
Evoke: Wand              |       |       |     1 |     2 |       ||     3
       Lightning rod     |       |       |       |     4 |       ||     4
  Use: Scroll            |       |     5 |     3 |    19 |     4 ||    31
       Potion            |       |       |     1 |     3 |     1 ||     5
 Stab: Confused          |       |     1 |     7 |       |       ||     8
       Sleeping          |       |       |     1 |       |       ||     1
       Paralysed         |       |       |     1 |     3 |       ||     4
  Eat: Ration            |     1 |       |       |       |       ||     1
       Chunk             |       |     8 |    30 |    28 |    23 ||    89
Armor: Robe              |     3 |       |    14 |       |       ||    17
       Leather armour    |       |       |       |    30 |    24 ||    54
Dodge: Dodged            |    13 |    10 |    96 |   194 |    76 ||   389
Block: Buckler           |       |       |       |    22 |    28 ||    50

Table legend:
 A = Spawn XP
 B = Non-spawn XP
 C = Spawn XP percentage of total XP
 D = Spawn monster count
 E = Non-spawn monster count
 F = Spawn count percentage of total count
 G = Total turns spent on level
                    A         B        C        D         E        F      G
               +---------+---------+-------+---------+---------+-------+---------
         Total |       0 |   92795 |   0.0 |       0 |     510 |   0.0 | 23108
               +---------+---------+-------+---------+---------+-------+---------
           D:1 |       0 |      45 |   0.0 |       0 |      20 |   0.0 |  1251
           D:2 |       0 |     175 |   0.0 |       0 |      22 |   0.0 |  1232
           D:3 |       0 |      91 |   0.0 |       0 |      24 |   0.0 |  1285
           D:4 |       0 |     541 |   0.0 |       0 |      15 |   0.0 |  1178
           D:5 |       0 |     396 |   0.0 |       0 |      23 |   0.0 |   825
           D:6 |       0 |     630 |   0.0 |       0 |      23 |   0.0 |  1035
           D:7 |       0 |     698 |   0.0 |       0 |      28 |   0.0 |  1002
           D:8 |       0 |    3168 |   0.0 |       0 |      43 |   0.0 |  1032
           D:9 |       0 |    2926 |   0.0 |       0 |      28 |   0.0 |  1128
          D:10 |       0 |    3316 |   0.0 |       0 |      30 |   0.0 |  1333
          D:11 |       0 |   11545 |   0.0 |       0 |      69 |   0.0 |  3101
          D:12 |       0 |    2933 |   0.0 |       0 |      16 |   0.0 |  1347
          D:13 |       0 |    7712 |   0.0 |       0 |      30 |   0.0 |  1098
          D:14 |       0 |   18418 |   0.0 |       0 |      51 |   0.0 |  2873
          D:15 |       0 |   40201 |   0.0 |       0 |      88 |   0.0 |  3266
               +---------+---------+-------+---------+---------+-------+---------
